 Dungeon Crawl Stone Soup version 0.23-a0-612-gcb482e9 (console) character file.

496 bli the Insei (level 6, 0/48 HPs)
             Began as a Draconian Transmuter on Dec 21, 2018.
             Slain by a two-headed ogre
             ... wielding a +0 giant club
              (13 damage)
             ... on level 3 of the Dungeon.
             The game lasted 00:09:30 (3018 turns).

bli the Insei (Draconian Transmuter)                Turns: 3018, Time: 00:09:30

Health: 0/48       AC:  7    Str: 12    XL:     6   Next: 93%
Magic:  8/9        EV: 18    Int: 13    God:
Gold:   112        SH:  0    Dex: 14    Spells: 8/9 levels left

rFire    . . .     SeeInvis .     - Unarmed
rCold    . . .     Gourm    .   (no shield)
rNeg     . . .     Faith    .   (armour unavailable)
rPois    .         Spirit   .   (helmet restricted)
rElec    .         Reflect  .   (no cloak)
rCorr    .         Harm     .   x - +0 pair of gloves
MR       .....                  (boots currently unavailable)
Stlth    +.........             (no amulet)
HPRegen  0.16/turn              l - +4 ring of evasion
MPRegen  0.11/turn              (no ring)

@: appendage (expiring)
A: unfitting armour, talons 3, cold-blooded, AC +6
a: End Transformation


You were on level 3 of the Dungeon.
You were very hungry.
You had grown temporary talons.
You visited 1 branch of the dungeon, and saw 3 of its levels.
You also visited: Sewer.

You collected 112 gold pieces.

Inventory:

Hand Weapons
 e - a +0 vampiric hand axe
 v - a +2 dagger of draining
Missiles
 a - 70 arrows
 f - 52 stones (quivered)
Armour
 o - a +0 pair of gloves
 x - a +0 pair of gloves (worn)
Jewellery
 l - a +4 ring of evasion (left hand)
Scrolls
 b - 2 scrolls of enchant armour {unknown}
 i - 4 scrolls of teleportation
 k - 2 scrolls of immolation {unknown}
 n - a scroll of fog {unknown}
 r - a scroll of blinking {unknown}
 s - a scroll of remove curse {unknown}
 u - a scroll of magic mapping {unknown}
 w - a scroll of amnesia {unknown}
Potions
 d - 2 potions of brilliance {unknown}
 g - a potion of cancellation {unknown}
 h - a potion of curing
 j - 4 potions of heal wounds
 m - a potion of magic {unknown}
 p - a potion of haste
 q - 4 potions of might
 t - a potion of ambrosia {unknown}
Comestibles
 c - 7 rations


   Skills:
 * Level 2.3 Fighting
 + Level 3.7 Dodging
 * Level 6.7 Unarmed Combat
 + Level 2.0 Spellcasting
 + Level 2.0 Transmutations


You had 8 spell levels left.
You knew the following spells:

 Your Spells              Type           Power        Failure   Level  Hunger
a - Beastly Appendage     Tmut           #.....       11%         1    ##.....

Your spell library contained the following spells:

 Spells                   Type           Power        Failure   Level  Hunger
 Sticks to Snakes         Tmut           #.......     17%         2    ###....
 Spider Form              Tmut/Pois      #.........   45%         3    ####...
 Ice Form                 Ice/Tmut       #.......     86%         4    #####..
 Blade Hands              Tmut           #.........   97%         5    ######.


Dungeon Overview and Level Annotations

Branches:
Dungeon (3/15)

Altars:
Cheibriados
Gozag


Innate Abilities, Weirdness & Mutations

Your plain brown scales are hard. (AC +6)
You cannot fit into any form of body armour.
You are cold-blooded and may be slowed by cold attacks.
You have claws for feet.


Message History

You tail-slap the two-headed ogre, but do no damage.
The two-headed ogre misses you. The two-headed ogre closely misses you.
You barely miss the two-headed ogre.
You tail-slap the two-headed ogre, but do no damage.
Your transformation is almost over.
The two-headed ogre completely misses you.
The two-headed ogre hits you with a +0 giant spiked club!
You closely miss the two-headed ogre. Your kick misses the two-headed ogre.
Your tail-slap misses the two-headed ogre.
You completely miss the two-headed ogre.
Your kick misses the two-headed ogre. You tail-slap the two-headed ogre.
The two-headed ogre is lightly wounded.
The two-headed ogre hits you with a +0 giant club!!
* * * LOW HITPOINT WARNING * * *
The two-headed ogre closely misses you.
You hit the two-headed ogre.
The two-headed ogre is lightly wounded.
The two-headed ogre barely misses you.
The two-headed ogre hits you with a +0 giant spiked club!
You die...

########
#......#
#.####.# #.#
#.# #@# #.#
#O# #.# #.#
#.# #.# #.#
#.# #.## #(#
#..# #(#
##.##########
((#
#...........
##..........
######.≈≈≈.
≈≈≈≈≈≈≈≈P


You could see a two-headed ogre.

Vanquished Creatures
  Grinder (D:3)
  Sigmund (D:2)
  Jessica (D:3)
  5 adders
  2 worms (D:2)
  A leopard gecko (D:1)
  2 orcs (D:3)
  7 bats
  2 giant cockroaches (D:3)
  5 goblins
  2 hobgoblins
  13 jackals
  5 ball pythons (Sewer)
  7 frilled lizards
  7 kobolds
  8 rats
69 creatures vanquished.

Vanquished Creatures (others)
  A bush (D:2)
  A plant (Sewer)
2 creatures vanquished.

Grand Total: 71 creatures vanquished

Notes
Turn   | Place    | Note
-------+----------+-------------------------------------------
     0 | D:1      | bli the Draconian Transmuter began the quest for the Orb.
     0 | D:1      | Reached XP level 1. HP: 16/16 MP: 3/3
   440 | D:1      | Reached XP level 2. HP: 23/23 MP: 3/5
   741 | D:2      | Noticed Sigmund
   955 | D:2      | Killed Sigmund
   955 | D:2      | Reached skill level 5 in Unarmed Combat
   955 | D:2      | Reached XP level 3. HP: 13/28 MP: 6/6
   955 | D:2      | Reached XP level 4. HP: 16/35 MP: 7/7
   955 | D:2      | Reached XP level 5. HP: 18/40 MP: 8/8
  1889 | D:3      | Noticed Jessica
  1894 | D:3      | Killed Jessica
  1930 | D:3      | Found an opulent altar of Gozag.
  1932 | D:3      | Found a snail-covered altar of Cheibriados.
  2000 | D:3      | Reached XP level 6. HP: 48/48 MP: 9/9
  2030 | D:3      | Found a glowing drain.
  2055 | D:3      | Noticed Grinder
  2067 | Sewer    | Entered a sewer
  2342 | Sewer    | Reached skill level 6 in Unarmed Combat
  2748 | D:3      | Paralysed by Grinder for 5 turns
  2766 | D:3      | Killed Grinder
  3007 | D:3      | Noticed a two-headed ogre
  3018 | D:3      | Slain by a two-headed ogre

Vault maps used:
D:1:      lightli_arrival_statue_moat, supply_closet_lemuel,
          minmay_tiny_reverse_x
D:2:      serial_forest, infiniplex_forest_clump_diagonal,
          infiniplex_forest_lined_1, infiniplex_forest_end_double,
          infiniplex_forest_lined_3, infiniplex_forest_zigzag_1,
          infiniplex_forest_straight_3, infiniplex_forest_clump_small,
          infiniplex_forest_zigzag_1, uniq_sigmund
D:3:      nicolae_overflow_hidden_temple, portal_sewer_entry_a,
          chequers_big_river, st_stairs_5, uniq_grinder, uniq_jessica
Sewer:    sewer_co_scattered_pipes

Skill      XL: |  1  2  3  4  5  6 |
---------------+-------------------+-----
Dodging        | 3 |  3.7
Unarmed Combat | 5 6 |  6.7
Fighting       | 2 |  2.3
Spellcasting   | |  2.0
Transmutations | |  2.0

Action                   |  1- 3 |  4- 6 || total
-------------------------+-------+-------++-------
Melee: Unarmed           |   104 |   177 ||   281
       Tailslap          |     9 |    19 ||    28
       Kick              |     8 |    17 ||    25
       Headbutt          |     3 |     9 ||    12
       Punch             |     1 |     3 ||     4
Throw: Stone             |       |     5 ||     5
 Cast: Beastly Appendage |    13 |    20 ||    33
  Use: Potion            |     2 |       ||     2
       Scroll            |       |     3 ||     3
 Stab: Sleeping          |       |     3 ||     3
  Eat: Chunk             |       |     7 ||     7
Armor: Skin              |    41 |    48 ||    89
Dodge: Dodged            |    81 |   156 ||   237

Table legend:
 A = Non-vault XP
 B = Vault XP
 C = Vault XP percentage of total XP
 D = Non-vault monster count
 E = Vault monster count
 F = Vault count percentage of total count
                 A         B        C        D         E       F
            +---------+---------+-------+---------+---------+-------
      Total |     101 |     608 |  85.8 |      36 |      33 |  47.8
            +---------+---------+-------+---------+---------+-------
        D:1 |      13 |       3 |  18.8 |       8 |       2 |  20.0
        D:2 |      51 |     227 |  81.7 |      13 |       1 |   7.1
        D:3 |      37 |     331 |  89.9 |      15 |       8 |  34.8
      Sewer |       0 |      47 | 100.0 |       0 |      22 | 100.0
            +---------+---------+-------+---------+---------+-------
